 Dungeon Crawl Stone Soup version bcrawl-1.20.1-3-gdcb1fc31ed (webtiles) character file.

Game seed: 5062239734130748370

214 MrPako the Skirmisher (level 5, -5/50 HPs)
             Began as a Hill Orc Berserker on Jan 31, 2020.
             Was a Believer of Trog.
             Slain by a sky beast (6 damage)
             ... on level 6 of the Dungeon.
             The game lasted 00:06:50 (2356 turns).

MrPako the Skirmisher (Hill Orc Berserker)          Turns: 2356, Time: 00:06:50

Health: -5/50      AC:  3    Str: 21    XL:     5   Next: 92%
Magic:  14/14      EV: 12    Int:  7    God:    Trog [**....]
Gold:   130        SH:  0    Dex: 10    Spells: 4/4 levels left

rFire    . . .     SeeInvis .   a - +1 hand axe
rCold    . . .     Gourm    .   (no shield)
rNeg     . . .     Faith    .   b - +1 animal skin
rPois    .         Spirit   .   (no helmet)
rElec    .         Reflect  .   (no cloak)
rCorr    .         Harm     .   (no gloves)
MR       .....                  (no boots)
Stlth    ..........             (no amulet)
HPRegen  0.16/turn              i - ring of magical power
MPRegen  0.14/turn              l - ring of attention (curse)

@: no status effects
A: no striking features
a: Berserk, Trog's Hand, Renounce Religion


You were on level 6 of the Dungeon.
You worshipped Trog.
Trog was pleased with you.
You were not hungry.

You visited 1 branch of the dungeon, and saw 6 of its levels.

You collected 130 gold pieces.

Inventory:

Hand Weapons
 a - a +1 hand axe (weapon)
Armour
 b - a +1 animal skin (worn)
Jewellery
 i - a ring of magical power (left hand)
 l - a cursed ring of attention (right hand)
Scrolls
 c - a scroll of teleportation
 h - 2 scrolls of identify
Potions
 d - a potion of curing {unknown}
 f - a potion of might {unknown}
 j - a potion of magic {unknown}
 m - 2 potions of berserk rage {unknown}
 n - a potion of lignification {unknown}
Comestibles
 e - 5 rations {!d}
 g - a chunk of flesh


   Skills:
 + Level 6.2 Fighting
   Level 6.2 Short Blades
   Level 6.2 Long Blades
   Level 6.2 Axes
   Level 6.2 Maces & Flails
   Level 6.2 Polearms
   Level 6.2 Staves
 + Level 2.3 Armour
 + Level 2.8 Dodging
 + Level 1.3 Stealth
   Level 6.2 Unarmed Combat


You had 4 spell levels left.
You didn't know any spells.
Your spell library was empty.

Dungeon Overview and Level Annotations

Branches:
Dungeon (6/12)
 Temple: D:4-7

Altars:
Fedhas
Makhleb
Nemelex Xobeh
Zin

Shops:
D:4 *


Message History

The orc wizard hits you with a +0 dagger.
* * * LOW HITPOINT WARNING * * *
You slash the orc wizard!
You kill the orc wizard!
Trog accepts your kill.
Trog appreciates your killing of a magic user.
Things that are here:
a +0 dagger; a +0 robe
There is a stone staircase leading up here.
There is an escape hatch in the floor here.
You slide downwards.
The hatch slams shut behind you.
A bullfrog, a worker ant and a sky beast come into view.
The worker ant twitches its antennae in your direction.
The bullfrog croaks.
The worker ant bites you.
* * * LOW HITPOINT WARNING * * *
The sky beast hits you.
* * * LOW HITPOINT WARNING * * *
The sky beast shocks you.
You die...

################.
.................
...#...#a@.#...#
....F....Y.......
...#...#...#...##
................#
#################


You could see a sky beast, a bullfrog and a worker ant.

Vanquished Creatures
  2 orc wizards (D:5)
  A centaur skeleton (D:4)
  An iguana (D:5)
  Jessica (D:2)
  3 adders
  A worm (D:4)
  A dart slug (D:1)
  7 orcs
  A ball python (D:2)
  2 bats
  2 giant cockroaches (D:1)
  8 goblins
  3 hobgoblins
  A quokka (D:5)
  A frilled lizard (D:1)
  5 kobolds
  2 rats (D:1)
42 creatures vanquished.

Notes
Turn   | Place    | Note
-------+----------+-------------------------------------------
     0 | D:1      | MrPako the Hill Orc Berserker began the quest for the Orb.
     0 | D:1      | Reached XP level 1. HP: 22/22 MP: 1/1
    27 | D:1      | Reached skill level 5 in Fighting
   184 | D:1      | Reached XP level 2. HP: 29/29 MP: 2/2
   692 | D:2      | Noticed Jessica
   727 | D:2      | Killed Jessica
   727 | D:2      | Reached XP level 3. HP: 12/37 MP: 3/3
  1001 | D:2      | Found a glowing silver altar of Zin.
  1163 | D:3      | Reached ** piety under Trog
  1163 | D:3      | Reached XP level 4. HP: 35/44 MP: 4/4
  1327 | D:3      | Found a blossoming altar of Fedhas.
  1539 | D:4      | Reached skill level 6 in Fighting
  1864 | D:4      | Found a burning altar of Makhleb.
  1954 | D:4      | Reached XP level 5. HP: 50/50 MP: 5/5
  2000 | D:4      | Found Imisut's Elemental Accessories.
  2151 | D:4      | Found a sparkling altar of Nemelex Xobeh.
  2287 | D:5      | Entered Level 5 of the Dungeon
  2328 | D:5      | Reached skill level 1 in Stealth
  2353 | D:6      | Noticed a sky beast
  2353 | D:6      | Noticed a bullfrog
  2356 | D:6      | HP: 1/50 [sky beast (3)]
  2356 | D:6      | Slain by a sky beast

Skill      XL: |  1  2  3  4  5 |
---------------+----------------+-----
Fighting       | 5 6 |  6.2
Dodging        | 2 |  2.8
Stealth        | 1 |  1.3
Short Blades   | |  6.2
Long Blades    | |  6.2
Axes           | |  6.2
Maces & Flails | |  6.2
Polearms       | |  6.2
Staves         | |  6.2
Armour         | |  2.3
Unarmed Combat | |  6.2

Action                   |  1- 3 |  4- 6 || total
-------------------------+-------+-------++-------
Melee: Hand axe          |    74 |    72 ||   146
       Punch             |     1 |     2 ||     3
  Use: Scroll            |     3 |     4 ||     7
  Eat: Ration            |     1 |       ||     1
       Chunk             |       |     1 ||     1
Armor: Animal skin       |    19 |     8 ||    27
Dodge: Dodged            |    69 |    39 ||   108
